 Dungeon Crawl Stone Soup version 0.30-a0-159-g068b764562 (webtiles) character file.

Game seed: 11443904903780602551

2563 Sobieck the Grappler (level 9, -16/86 (89) HPs)
             Began as a Troll Monk on Sept 27, 2022.
             Was a Believer of Uskayaw.
             Demolished by a two-headed ogre
             ... wielding a +0 giant spiked club
              (26 damage)
             ... on level 8 of the Dungeon.
             The game lasted 00:12:37 (5519 turns).

Sobieck the Grappler (Troll Monk)                   Turns: 5519, Time: 00:12:38

HP:   -16/86 (89)   AC:  4    Str: 21    XL:     9   Next: 31%
MP:   10/10         EV: 10    Int: 10    God:    Uskayaw [**....]
Gold: 457           SH:  0    Dex: 12    Spells: 8/8 levels left

rFire   + . .      SeeInvis .      - Unarmed
rCold   . . .      Faith    .    (no shield)
rNeg    . . .      Spirit   .    a - +0 robe
rPois   .          Reflect  .    (helmet restricted)
rElec   .          Harm     .    (no cloak)
rCorr   .          Rampage  .    (gloves unavailable)
Will    .....                    (boots unavailable)
Stlth   ++........               (no amulet)
HPRegen 1.04/turn                L - ring of protection from fire
MPRegen 0.12/turn                (no ring)

@: lightly drained
A: large, unfitting armour, claws 3, regeneration 1, shaggy fur 1, tough skin 1
a: Renounce Religion, Stomp, Line Pass


You were on level 8 of the Dungeon.
You worshipped Uskayaw.
Uskayaw was noncommittal.
You visited 1 branch of the dungeon, and saw 8 of its levels.

You collected 457 gold pieces.


Innate Abilities, Weirdness & Mutations

You are too large for most types of armour.
You have claws for hands.
Your natural rate of healing is unusually fast.
You are covered in fur. (AC +1)
You have tough skin. (AC +1)


   Skills:
 + Level 6.3 Fighting
 - Level 2.4 Dodging
 - Level 1.0 Stealth
 * Level 10.3 Unarmed Combat
 + Level 3.5 Invocations


You had 8 spell levels left.
You didn't know any spells.
Your spell library contained the following spells:

 Spells                   Type           Power      Damage    Failure   Level
 Apportation              Tloc           0%         N/A       36%         1
 Summon Small Mammal      Summ           0%         N/A       36%         1
 Scorch                   Fire           0%         2d5       50%         2
 Static Discharge         Conj/Air       0%         2-2/arc   50%         2
 Call Canine Familiar     Summ           0%         N/A       75%         3
 Portal Projectile        Hex/Tloc       0%         N/A       75%         3
 Stone Arrow              Conj/Erth      0%         3d7       75%         3
 Summon Guardian Golem    Hex/Summ       0%         N/A       75%         3
 Tukima's Dance           Hex            0%         N/A       75%         3
 Animate Armour           Summ/Erth      0%         N/A       98%         4
 Flame Wave               Conj/Fire      0%         2d4       98%         4
 Alistair's Intoxication  Tmut/Pois      0%         N/A       100%        5
 Arcjolt                  Conj/Air       0%         1d10      100%        5
 Blade Hands              Tmut           0%         N/A       100%        5
 Irradiate                Conj/Tmut      0%         3d11      100%        5
 Lightning Bolt           Conj/Air       0%         1d11      100%        5
 Summon Cactus Giant      Summ           0%         N/A       100%        6
 Dragon Form              Tmut           0%         N/A       100%        7
 Lehudib's Crystal Spear  Conj/Erth      0%         10d2      100%        8
 Maxwell's Capacitive Co  Air            0%         ∞         100%        8

Inventory:

Hand Weapons
 b - a +0 arbalest of freezing {crossbow}
   (You found it on level 5 of the Dungeon)
 t - a +3 halberd {polearm}
   (You took it off a gnoll on level 2 of the Dungeon)
 y - a +2 whip of freezing {mace}
   (You took it off Pikel on level 4 of the Dungeon)
 C - a +1 spear of venom {polearm}
   (You took it off a gnoll on level 4 of the Dungeon)
 G - a +2 sling
   (You found it on level 1 of the Dungeon)
Missiles
 d - 93 stones (quivered) {throwing}
 q - 3 javelins {throwing}
 u - 8 boomerangs {throwing}
 D - 8 poisoned darts {throwing}
 U - 4 large rocks {=fthrowing}
Armour
 a - a +0 robe (worn)
 m - a +0 robe
   (You found it on level 4 of the Dungeon)
 v - a +0 robe
   (You found it on level 3 of the Dungeon)
 x - a +0 robe
   (You took it off Pikel on level 4 of the Dungeon)
 z - a +0 robe
   (You found it on level 4 of the Dungeon)
 A - a +0 robe
   (You found it on level 4 of the Dungeon)
 E - a +0 robe
   (You took it off an orc wizard on level 4 of the Dungeon)
 F - a +0 robe
   (You found it on level 5 of the Dungeon)
 T - a +0 robe
   (You took it off a centaur on level 7 of the Dungeon)
 V - a +0 robe of cold resistance
   (You took it off an orc wizard on level 7 of the Dungeon)
 X - a +0 robe
   (You took it off an orc wizard on level 7 of the Dungeon)
 Z - a +0 robe
   (You took it off a wight on level 8 of the Dungeon)
Magical Staves
 c - a staff of conjuration {!a@e2staff}
   (You found it on level 1 of the Dungeon)
 H - a staff of cold {!astaff}
   (You found it on level 5 of the Dungeon)
 S - a staff of poison {!astaff}
   (You took it off a centaur on level 7 of the Dungeon)
Jewellery
 L - a ring of protection from fire (left claw)
   (You found it on level 6 of the Dungeon)
Wands
 o - a wand of acid (5)
   (You found it on level 2 of the Dungeon)
 P - a wand of flame (32)
   (You found it on level 6 of the Dungeon)
 Y - a wand of polymorph (9)
   (You found it on level 8 of the Dungeon)
Scrolls
 f - 6 scrolls of teleportation {@r4}
 g - 3 scrolls of immolation {!r!r}
 n - 3 scrolls of poison {!r}
 r - 5 scrolls of blinking {!r}
 w - a scroll of amnesia
 B - a scroll of butterflies
 I - a scroll of magic mapping {!r}
 J - a scroll of summoning
 K - 2 scrolls of brand weapon
 M - 4 scrolls of noise {!r}
 O - a scroll of silence {unknown}
 Q - 2 scrolls of vulnerability {unknown}
 R - 2 scrolls of enchant armour {unknown}
Potions
 e - 2 potions of flight
 h - 6 potions of curing {@q1}
 i - a potion of ambrosia
 j - a potion of magic
 k - 2 potions of resistance
 l - 2 potions of brilliance
 p - 3 potions of heal wounds {@q2}
 s - a potion of berserk rage {!q}
 N - a potion of attraction {!q}
 W - 2 potions of might

Dungeon Overview and Level Annotations

Branches:
Dungeon (8/15) Zot: 26812  Temple (0/1) D:6
   Lair: D:8-11

Altars:
Dithmenos
Qazlal
Uskayaw
Zin
The Shining One

Annotations:
D:4 3 runed translucent doors, sirJeffrey23's ghost, amateur HOFi

......... ...
.............##. ##..
######.#.....#.... ....
.########...##.... ..<.
.......##.......# [.#
..#.............##...#.#
.#####...........#...g..
).####)..........Og.g..g
..)..#.......(..@#
.................###
..##....#.###......##
####....### #.......##
##.### ###......# #.#
###....## #.# #......#
.. ##.....# ####.##


You could see a two-headed ogre, a gnoll sergeant and 3 gnolls.


Message History

The wight hits you but does no damage.
Uskayaw will force your foes to helplessly watch your dance.
Uskayaw prepares the audience for your solo!
Unknown command.
The helpless wight fails to defend itself.
You mangle the wight!!
You destroy the wight!
Z - a +0 robe You see here a +0 mace of protection {mace}.
Unknown command.
You start resting.
Unknown command.
Unknown command.
Your +0 arbalest of freezing {crossbow} is covered in frost.
b - a +0 arbalest of freezing (weapon)
{crossbow} Your pack is full.
Things that are here:
a +0 halberd {polearm}; a +0 robe Unknown command.
Your pack is full.
Things that are here:
a +0 halberd {polearm}; a +0 robe Could not pick up a +0 robe here; ([A]lways) ignore it?
Autopickup disabled for robes.
You now have 446 gold pieces (gained 19).
A wight comes into view.
It is wielding a +4 long sword of freezing.
Danger!
Your +0 arbalest of freezing {crossbow} stops glowing.
You are now empty-clawed.
The wight hits you with a +4 long sword of freezing!
The wight freezes you.
You claw the wight! The wight completely misses you.
You scratch the wight. Your claw misses the wight.
The wight hits you with a +4 long sword of freezing!
You feel drained. The wight freezes you.
You are too injured to fight recklessly!
You are too injured to fight recklessly!
You are too injured to fight recklessly!
Unknown command.
You claw the wight!
You destroy the wight!
You can now pass through a line of other dancers.
You start resting.
Unknown command.
Things that are here:
a +4 long sword of freezing {long}; a +0 robe Unknown command.
Your +0 arbalest of freezing {crossbow} is covered in frost.
b - a +0 arbalest of freezing (weapon)
{crossbow}
Q - 2 scrolls labelled HUAPIZUQIF (gained 1)
You pick up a book of Party Tricks and begin reading...
You add the spells Apportation and Alistair's Intoxication to your library.
Unknown command.
You now have 457 gold pieces (gained 11).
Found an escape hatch in the ceiling.
Unknown command.
Unknown command.
A two-headed ogre comes into view.
It is wielding a +0 giant spiked club and a +0 giant club.
Danger!
You shoot a bolt. The bolt hits the two-headed ogre.
The bolt freezes the two-headed ogre.
The two-headed ogre shouts in stereo!
You hear a shout!
A gnoll comes into view. It is wielding a +0 spear.
You shoot a bolt. The bolt hits the two-headed ogre.
The bolt freezes the two-headed ogre.
You hear an angry hiss.
You shoot a bolt. The bolt hits the two-headed ogre.
The bolt freezes the two-headed ogre.
A water moccasin comes into view.
The gnoll throws a throwing net.
The throwing net closely misses you.
Unknown command.
Your +0 arbalest of freezing {crossbow} stops glowing.
You are now empty-clawed.
Unknown command.
You mangle the two-headed ogre!!
A gnoll sergeant comes into view. It is wielding a +0 trident.
The two-headed ogre hits you with a +0 giant spiked club!!
The two-headed ogre hits you with a +0 giant club!
You can now pass through a line of other dancers.
You barely miss the two-headed ogre.
A gnoll comes into view. It is wielding a +0 spear.
Unknown command.
You barely miss the two-headed ogre.
The gnoll shouts!
You claw the two-headed ogre, but do no damage.
The two-headed ogre closely misses you.
The two-headed ogre hits you with a +0 giant club!
A gnoll comes into view. It is wielding a +0 flail.
Unknown command.
You barely miss the two-headed ogre.
Unknown command.
You completely miss the two-headed ogre.
You claw the two-headed ogre!
The gnoll hits you from afar with a +0 spear.
* * * LOW HITPOINT WARNING * * *
The two-headed ogre hits you with a +0 giant spiked club!!
* * * LOW HITPOINT WARNING * * *
The two-headed ogre hits you with a +0 giant club!!
You die...

Skill      XL: |  1  2  3  4  5  6  7  8  9 |
---------------+----------------------------+-----
Fighting       | 3 4 5 6 |  6.3
Unarmed Combat | 4 5 7 8 9 10 | 10.3
Invocations    | 2 3 |  3.5
Dodging        | |  2.4
Stealth        | |  1.0

Action                   |  1- 3 |  4- 6 |  7- 9 || total
-------------------------+-------+-------+-------++-------
Melee: Unarmed           |    88 |   104 |   141 ||   333
       Punch             |     3 |     2 |     8 ||    13
 Fire: Sling             |    12 |    19 |    42 ||    73
       Arbalest          |       |       |    45 ||    45
Invok: Stomp             |       |       |     1 ||     1
       Line Pass         |       |       |     1 ||     1
  Use: Scroll            |       |    13 |    11 ||    24
 Stab: Sleeping          |     5 |     1 |       ||     6
       Distracted        |     1 |       |       ||     1
       Paralysed         |       |       |     4 ||     4
Armor: Robe              |    43 |    22 |    22 ||    87
Dodge: Dodged            |    42 |    67 |    78 ||   187

Levels and vault maps discovered:
D:1:      saegor_arrival_miasma, layout_loops_ring,
          dreamdust_ecumenical_altar_statues
D:2:      layout_loops_ring, hex_medium, minivault_11, grunt_ministairs_8,
          minmay_divided_ellipse
D:3:      layout_basic, nicolae_qazlal_general_emergency, serial_glass,
          glass_columns_a, glass_columns_b, minmay_misc_feat_room,
          kennysheep_generic_room_16
D:4:      layout_cave_pods, grunt_dithmenos_smoke_and_mirrors,
          mainiacjoe_overflow_surrounded_room, gammafunk_ghost_necromancy,
          uniq_pikel
D:5:      layout_cave_pods, zin_treasury, chequers_serial_rivers_large_a,
          amethyst_killhole, minivault_1
D:6:      layout_basic, minmay_temple_entry_butterflies,
          chequers_serial_rivers_micro_a
D:7:      layout_rooms, tso_altar, feat_on_display
D:8:      layout_cave_pools, trog_book, nicolae_hepliaklqana_hippocampus,
          dk_noncrumbling_4, hangedman_incinerator, uniq_gastronok

Notes
Turn   | Place    | Note
-------+----------+-------------------------------------------
     0 | D:1      | Sobieck the Troll Monk began the quest for the Orb.
     0 | D:1      | Reached XP level 1. HP: 22/22 MP: 0/0
   105 | D:1      | Reached XP level 2. HP: 29/29 MP: 1/1
   182 | D:1      | Found a faded altar of an unknown god.
   229 | D:1      | Reached XP level 3. HP: 36/36 MP: 2/2
   289 | D:1      | You pick up a book of Lightning and begin reading...
   289 | D:1      | You add the spells Static Discharge, Lightning Bolt,
                  | Arcjolt and Maxwell's Capacitive Coupling to your library.
   444 | D:1      | Reached skill level 3 in Fighting
   708 | D:2      | Reached skill level 4 in Unarmed Combat
   963 | D:2      | Reached XP level 4. HP: 40/45 MP: 3/3
  1006 | D:2      | Noticed a scorpion
  1022 | D:2      | Killed a scorpion
  1023 | D:2      | Reached skill level 5 in Unarmed Combat
  1023 | D:2      | Reached XP level 5. HP: 52/53 MP: 4/4
  1658 | D:3      | Found a stormy altar of Qazlal.
  1970 | D:3      | Reached XP level 6. HP: 62/62 MP: 5/5
  2308 | D:4      | Noticed Pikel
  2328 | D:4      | Killed Pikel
  2329 | D:4      | Reached skill level 4 in Fighting
  2329 | D:4      | Reached skill level 7 in Unarmed Combat
  2329 | D:4      | Reached XP level 7. HP: 33/71 MP: 6/6
  2408 | D:4      | Found a shadowy altar of Dithmenos.
  2799 | D:4      | Found a hide-covered altar of Uskayaw.
  2810 | D:4      | Became a worshipper of Uskayaw the Reveller
  2810 | D:4      | Reached * piety under Uskayaw
  2891 | D:4      | Reached ** piety under Uskayaw
  2895 | D:4      | Reached skill level 5 in Fighting
  2895 | D:4      | Reached skill level 8 in Unarmed Combat
  2899 | D:4      | Reached *** piety under Uskayaw
  3062 | D:4      | Reached XP level 8. HP: 80/80 MP: 7/7
  3101 | D:4      | Found a runed translucent gate.
  3102 | D:4      | Found a runed translucent gate.
  3103 | D:4      | Found a runed translucent gate.
  3104 | D:4      | Noticed sirJeffrey23's ghost (amateur HOFi)
  3247 | D:5      | Entered Level 5 of the Dungeon
  3413 | D:5      | Reached skill level 1 in Invocations
  3416 | D:5      | You pick up a book of Transfigurations {@e2} and begin
                  | reading...
  3416 | D:5      | You add the spells Irradiate, Blade Hands and Dragon Form
                  | to your library.
  3599 | D:5      | You pick up a book of Armaments and begin reading...
  3599 | D:5      | You add the spells Stone Arrow, Animate Armour and
                  | Lehudib's Crystal Spear to your library.
  3606 | D:5      | Reached skill level 9 in Unarmed Combat
  3665 | D:5      | You pick up a book of Callings and begin reading...
  3665 | D:5      | You add the spells Summon Small Mammal, Call Canine
                  | Familiar and Summon Guardian Golem to your library.
  3824 | D:5      | You pick up a book of Scorching and begin reading...
  3824 | D:5      | You add the spells Scorch, Flame Wave and Summon Cactus
                  | Giant to your library.
  4128 | D:5      | Found a glowing silver altar of Zin.
  4256 | D:6      | You pick up a book of Weapons and begin reading...
  4256 | D:6      | You add the spells Tukima's Dance and Portal Projectile to
                  | your library.
  4319 | D:6      | Reached skill level 2 in Invocations
  4403 | D:6      | Reached **** piety under Uskayaw
  4786 | D:6      | Found a staircase to the Ecumenical Temple.
  4796 | D:6      | Reached skill level 6 in Fighting
  4796 | D:6      | Reached XP level 9. HP: 89/89 MP: 10/10
  4936 | D:7      | HP: 21/89 [centaur/arrow (3)]
  4939 | D:7      | HP: 4/89 [white imp/puff of frost (11)]
  4941 | D:7      | Reached skill level 3 in Invocations
  4943 | D:7      | Reached skill level 10 in Unarmed Combat
  5274 | D:7      | Found a glowing golden altar of the Shining One.
  5499 | D:8      | You pick up a book of Party Tricks and begin reading...
  5499 | D:8      | You add the spells Apportation and Alistair's Intoxication
                  | to your library.
  5510 | D:8      | Noticed a two-headed ogre
  5519 | D:8      | HP: 10/86 [two-headed ogre/+0 giant spiked club (33)]
  5519 | D:8      | Demolished by a two-headed ogre

Vanquished Creatures
  Pikel (D:4)
  An orc warrior (D:7)
  2 sky beasts
  A black bear (D:6)
  An ice beast (D:5)
  A centaur (D:7)
  A lemure (D:4)
  A phantom (D:5)
  A bullfrog (D:6)
  A necrophage (D:5)
  7 scorpions
  4 wights (D:8)
  A howler monkey (D:6)
  A hound (D:4)
  2 orc priests
  3 iguanas
  5 jellies
  3 orc wizards
  9 gnolls
  11 adders
  A shadow imp (D:6)
  A white imp (D:7)
  An ufetubus (D:6)
  2 dart slugs
  22 orcs
  8 bats
  13 endoplasms
  4 giant cockroaches
  8 goblins
  12 hobgoblins
  8 kobolds
  3 quokkas
  6 ball pythons
  A frilled lizard (D:1)
  7 rats
154 creatures vanquished.

Table legend:
 A = Non-vault XP
 B = Vault XP
 C = Vault XP percentage of total XP
 D = Non-vault monster count
 E = Vault monster count
 F = Vault count percentage of total count
                 A         B        C        D         E       F
            +---------+---------+-------+---------+---------+-------
      Total |    2882 |     780 |  21.3 |     136 |      17 |  11.1
            +---------+---------+-------+---------+---------+-------
        D:1 |      72 |       0 |   0.0 |      27 |       0 |   0.0
        D:2 |      83 |     138 |  62.4 |      20 |      15 |  42.9
        D:3 |      99 |       1 |   1.0 |      13 |       1 |   7.1
        D:4 |     479 |     641 |  57.2 |      31 |       1 |   3.1
        D:5 |     648 |       0 |   0.0 |      14 |       0 |   0.0
        D:6 |     651 |       0 |   0.0 |      11 |       0 |   0.0
        D:7 |     433 |       0 |   0.0 |      14 |       0 |   0.0
        D:8 |     417 |       0 |   0.0 |       6 |       0 |   0.0
            +---------+---------+-------+---------+---------+-------

Illustrated notes

Table legend:
 A = Kills in this place as a percentage of kills in entire the game.
 B = Kills by you in this place as a percentage of kills by you in the entire game.
 C = Kills by friends in this place as a percentage of kills by friends in the entire game.
 D = Other kills in this place as a percentage of other kills in the entire game.
 E = Experience gained in this place as a percentage of experience gained in the entire game.
 F = Experience gained in this place divided by the number of levels of this place that you have seen.
                   A       B       C       D       E      F
               +-------+-------+-------+-------+-------+----------------------
         Total | 100.0 | 100.0 |   N/A |   N/A | 100.0 | 457.8
       Dungeon | 100.0 | 100.0 |   N/A |   N/A | 100.0 | 457.8
               +-------+-------+-------+-------+-------+----------------------

Table legend: (Time is in decaauts)
 A = Elapsed time spent in this place.
 B = Non-inter-level travel time spent in this place.
 C = Inter-level travel time spent in this place.
 D = Time resting spent in this place.
 E = Time spent auto-exploring this place.
 F = Levels seen in this place.
 G = Mean time per level.
                   A        B        C        D        E       F      G
               +--------+--------+--------+--------+--------+-----+--------+
         Total |   5527 |   5382 |    145 |    342 |   3966 |   8 |  690.9 |
       Dungeon |   5527 |   5382 |    145 |    342 |   3966 |   8 |  690.9 |
               +--------+--------+--------+--------+--------+-----+--------+

Top non-repeatable levels by time:
     D:4: 1079 daAuts
     D:5: 990 daAuts
     D:2: 910 daAuts
     D:1: 665 daAuts
     D:6: 624 daAuts
     D:3: 585 daAuts
     D:7: 484 daAuts
     D:8: 186 daAuts
